AoeStats
← 三岁时就很 酷

Black Forest

509361450Analyzed
4v4 RM · 5d ago on Sep 26, 2026· 58m 58s· 8 players
Game mode
Random Map
Map size
Large (8 player)
Population
200
Speed
Normal
Resources
Standard
Victory
Conquest
Starting age
Dark Age
Ending age
Imperial Age
RankedLock teamsTeams togetherTeam positionsShared explorationLock speedFull tech treeHidden civsTurbo modeCheats
Victory
Defeat
🇭🇰 Celts · Hong Kong SAR China
947
+16
🇨🇳 Tatars · China
947
+16
🇨🇳 Teutons · China
944
+16
🇹🇼 Franks · Taiwan
912
+19
🇹🇷 Lithuanians · Türkiye
964
-46
🇨🇳 Bohemians · China
957
-17
🇦🇹 Danes · Austria
950
-17
🇵🇪 Franks · Peru
945
-16
三岁时就很 酷
2:37 Loom
11:55 Feudal Age
15:47 Castle Age
14:00 Horse Collar
14:26 Double-Bit Axe
23:34 Heavy Plow
24:53 Wheelbarrow
25:22 Bow Saw
25:10 Gold Mining
27:45 Hand Cart
27:34 Stone Mining
32:03 Imperial Age
30:02 Forging
29:59 Scale Barding Armor
31:12 Gold Shaft Mining
30:32 Fletching
30:43 Padded Archer Armor
31:19 Iron Casting
31:13 Ballistics
32:12 Husbandry
32:23 Bloodlines
33:00 Leather Archer Armor
33:34 Conscription
33:24 Bodkin Arrow
33:10 Pikeman
33:51 Squires
33:56 Scale Mail Armor
34:46 Crop Rotation
35:29 Blast Furnace
35:17 Silk Armor
36:03 Bodkin Arrow
36:38 Ring Archer Armor
37:13 Chemistry
35:54 Treadmill Crane
36:29 Masonry
36:25 Halberdier
38:51 Elite Keshik
41:10 Chain Barding Armor
42:29 Plate Barding Armor
41:55 Bracer
43:10 Guilds
43:30 Coinage
43:06 Caravan
43:23 Arson
46:10 Timurid Siegecraft
46:54 Heavy Cavalry Archer
48:42 Banking
50:42 Siege Engineers
50:32 Murder Holes
50:28 Heated Shot
50:51 Fortified Wall
心死就在一瞬間
5:24 Loom
11:53 Feudal Age
16:47 Castle Age
15:26 Double-Bit Axe
17:42 Bow Saw
21:48 Fervor
22:55 Wheelbarrow
24:16 Herbal Medicine
24:35 Gold Mining
26:15 Hand Cart
30:01 Imperial Age
28:49 Scale Barding Armor
28:45 Scale Mail Armor
28:56 Forging
30:42 Gold Shaft Mining
30:33 Husbandry
31:07 Cavalier
33:07 Paladin
33:32 Pikeman
34:13 Squires
33:59 Arson
34:20 Chivalry
36:17 Chain Barding Armor
36:12 Chain Mail Armor
36:32 Iron Casting
36:10 Caravan
39:23 Plate Barding Armor
40:57 Halberdier
45:07 Plate Mail Armor
45:37 Blast Furnace
45:46 Blast Furnace
sainimu
0:27 Loom
12:47 Feudal Age
17:55 Castle Age
16:01 Double-Bit Axe
18:55 Horse Collar
23:58 Wheelbarrow
23:40 Town Watch
24:21 Heavy Plow
26:19 Gold Mining
26:43 Bow Saw
27:08 Town Patrol
32:14 Imperial Age
31:23 Pikeman
31:49 Gambesons
31:50 Arson
32:19 Forging
32:10 Scale Mail Armor
32:36 Hand Cart
34:18 Conscription
35:07 Gold Shaft Mining
34:18 Halberdier
36:04 Chain Mail Armor
44:00 Furor Celtica
44:11 Onager
46:26 Siege Onager
48:41 Plate Mail Armor
48:47 Iron Casting
48:57 Stronghold
50:42 Iron Casting
49:38 Heavy Scorpion
53:23 Padded Archer Armor
53:14 Fletching
55:17 Bodkin Arrow
55:37 Leather Archer Armor
55:40 Caravan
000
2:17 Loom
17:28 Feudal Age
21:15 Horse Collar
25:19 Castle Age
28:37 Wheelbarrow
28:21 Double-Bit Axe
28:44 Heavy Plow
31:31 Bow Saw
32:09 Hand Cart
32:55 Scale Mail Armor
34:15 Forging
34:21 Chain Mail Armor
38:46 Iron Casting
38:01 Pikeman
42:55 Padded Archer Armor
42:45 Fletching
45:29 Imperial Age
43:41 Elite Skirmisher
45:17 Leather Archer Armor
44:57 Bodkin Arrow
47:07 Elite Teutonic Knight
50:21 Crop Rotation
50:31 Ring Archer Armor
52:28 Caravan
57:00 Plate Mail Armor
57:31 Blast Furnace
Bantum
11:43 Feudal Age
12:16 Double-Bit Axe
12:49 Loom
13:20 Gold Mining
16:10 Horse Collar
22:30 Castle Age
21:06 Town Watch
25:19 Wheelbarrow
24:48 Town Patrol
26:05 Gold Shaft Mining
27:02 Bow Saw
32:52 Imperial Age
32:16 Forging
32:06 Scale Mail Armor
33:43 Onager
35:10 Caravan
35:43 Northmen's Fury
36:44 Siege Engineers
39:17 Siege Onager
44:15 Capped Ram
Fckboy
5:05 Loom
14:20 Feudal Age
16:03 Double-Bit Axe
19:08 Castle Age
17:47 Wheelbarrow
20:15 Bow Saw
21:20 Hand Cart
22:00 Gold Mining
22:45 Stone Mining
23:34 Gold Shaft Mining
30:07 Imperial Age
28:15 Forging
28:14 Scale Barding Armor
28:15 Husbandry
27:59 Pikeman
28:46 Scale Mail Armor
29:39 Iron Casting
29:28 Chain Barding Armor
30:36 Chain Mail Armor
31:55 Chemistry
30:40 Cavalier
32:42 Blast Furnace
32:51 Plate Barding Armor
33:40 Siege Engineers
33:35 Halberdier
35:36 Plate Mail Armor
Mirliva1881
5:34 Loom
13:08 Feudal Age
15:19 Wheelbarrow
14:29 Town Watch
19:03 Castle Age
16:58 Double-Bit Axe
17:03 Horse Collar
17:41 Stone Mining
18:30 Gold Mining
20:32 Hand Cart
20:59 Bow Saw
23:19 Heavy Plow
23:57 Stone Shaft Mining
31:48 Imperial Age
29:28 Treadmill Crane
30:31 Bloodlines
30:21 Husbandry
32:51 Elite Leitis
34:48 Forging
34:45 Scale Barding Armor
36:33 Iron Casting
36:50 Chain Barding Armor
37:21 Conscription
39:53 Caravan
40:07 Guilds
41:15 Crop Rotation
41:49 Cavalier
43:24 Coinage
45:30 Banking
46:10 Paladin
51:06 Plate Barding Armor
50:22 Fletching
50:34 Scale Mail Armor
50:32 Fletching
57:24 Masonry
58:16 Chemistry
57:36 Ballistics
57:16 Bodkin Arrow
59:07 Hill Forts
猪头
3:22 Loom
13:09 Feudal Age
17:56 Castle Age
16:00 Double-Bit Axe
16:06 Horse Collar
20:10 Bow Saw
25:20 Fervor
25:55 Heavy Plow
27:24 Wheelbarrow
31:30 Imperial Age
28:47 Town Watch
29:35 Caravan
30:19 Scale Mail Armor
30:29 Forging
31:16 Hand Cart
31:02 Town Patrol
31:20 Chain Mail Armor
32:37 Chemistry
32:43 Masonry
32:57 Conscription
32:27 Pikeman
33:09 Squires
33:26 Halberdier
35:22 Two-Man Saw
35:18 Houfnice
37:08 Plate Mail Armor
37:14 Iron Casting
37:36 Padded Archer Armor
37:25 Arson
40:52 Blast Furnace
40:46 Conscription
41:20 Leather Archer Armor
43:42 Ring Archer Armor
51:59 Siege Engineers
52:17 Ballistics
52:28 Architecture
51:55 Murder Holes
52:11 Fortified Wall
52:03 Arson
53:05 Fletching
Connection lost

Rejoining the realm…

Still unreachable

The connection could not be restored.

Session expired

The server has moved on; the page needs a fresh start.